 Dungeon Crawl Stone Soup version 0.20-a0-945-g3bf614a (webtiles) character file.

11496 galech the Grappler (level 11, -27/104 HPs)
             Began as a Troll Monk on Apr 2, 2017.
             Was the Champion of Cheibriados.
             Annihilated by an orc knight
             ... wielding a +0 trident
              (34 damage)
             ... in a bailey.
             The game lasted 00:19:42 (7464 turns).

galech the Grappler (Troll Monk)                    Turns: 7464, Time: 00:19:43

Health: -27/104    AC:  7    Str: 39    XL:     11   Next: 50%
Magic:  10/10      EV: 16    Int: 21    God:    Cheibriados [******]
Gold:   862        SH:  0    Dex: 25    Spells: 10/10 levels left

rFire    . . .     SeeInvis .     - Unarmed
rCold    + . .     Gourm    +   (no shield)
rNeg     + . .     Faith    .   K - +0 troll leather armour
rPois    .         Spirit   .   (helmet restricted)
rElec    .         Reflect  .   (no cloak)
rCorr    .         Harm     .   (gloves unavailable)
MR       +....                  (boots unavailable)
Stlth    +++.......             (no amulet)
Regen    1.1/turn               M - ring of positive energy
MPRegen  0.2/turn               R - ring of protection from magic

@: very slow
A: unfitting armour, claws 3, clumsy 1, cold resistance 1, fast metabolism 3,
gourmand, regeneration 1, shaggy fur 1, tough skin 2
a: Bend Time, Temporal Distortion, Slouch, Step From Time, Renounce Religion


You were in a bailey.
You worshipped Cheibriados.
Cheibriados was exalted by your worship.
You were very full.

You visited 1 branch of the dungeon, and saw 11 of its levels.
You also visited: Bailey.

You collected 907 gold pieces.
You spent 45 gold pieces at shops.

Inventory:

Hand Weapons
 V - the cursed +0 spear "Toybreac" {drain, Int+4, unknown}
   (You found it on level 11 of the Dungeon)

   A truly terrible weapon, it drains the life of those it strikes.
   It affects your intelligence (+4).
   It has a curse placed upon it.
Armour
 a - a +0 robe
 K - a +0 troll leather armour (worn)
 U - a +2 robe of fire resistance
Jewellery
 g - an uncursed ring of poison resistance {unknown}
 j - a +3 ring of protection
 B - a +2 ring of dexterity
 E - an uncursed ring of flight
 M - a ring of positive energy (left claw)
 R - a ring of protection from magic (right claw)
Wands
 i - a wand of flame (27/48)
 r - a wand of polymorph (10/24)
 C - a wand of disintegration (9/24)
 H - a wand of digging (15/24)
 J - a wand of lightning (9/15)
 L - a wand of lightning (4/15)
 O - a wand of flame (14/48)
 P - a wand of acid (7/15)
 Q - a wand of polymorph (13/24)
Scrolls
 d - 3 scrolls of random uselessness {unknown}
 f - 3 scrolls of magic mapping {unknown}
 m - a scroll of amnesia
 p - a scroll of fear
 q - a scroll of immolation
 s - 2 scrolls of blinking
 t - 2 scrolls of fog
 x - a scroll of noise
 y - 5 scrolls of recharging {unknown}
 A - 2 scrolls of holy word {unknown}
 D - a scroll of vulnerability
 F - 2 scrolls of remove curse
 S - a scroll of identify
 T - a scroll of teleportation
Potions
 c - 2 potions of resistance {unknown}
 e - 5 potions of haste {unknown}
 h - a potion of ambrosia {unknown}
 k - a potion of berserk rage {unknown}
 l - 5 potions of brilliance {unknown}
 o - 2 potions of agility {unknown}
 v - a potion of magic {unknown}
 z - a potion of lignification {unknown}
 G - a potion of heal wounds {unknown}
 I - a potion of flight {unknown}
 W - a potion of cancellation {unknown}
Books
 N - a book of Necromancy

   Spells                             Type                      Level
   a - Pain                           Necromancy                   1
   b - Animate Skeleton               Necromancy                   1
   c - Vampiric Draining              Necromancy                   3
   d - Regeneration                   Charms/Necromancy            3
   e - Animate Dead                   Necromancy                   4
   f - Control Undead                 Necromancy                   4
Comestibles
 b - 8 bread rations
 n - 5 royal jellies
 u - 10 fruits
 w - 8 meat rations


   Skills:
 + Level 5.4 Fighting
 + Level 4.0 Armour
 + Level 7.5 Dodging
 + Level 4.8 Stealth
 + Level 12.9 Unarmed Combat


You had 10 spell levels left.
You didn't know any spells.

Dungeon Overview and Level Annotations

Branches:
Dungeon (11/15)            Temple (0/1) D:7            Lair (0/6) D:8
    Orc (0/2) D:9

Altars:
Cheibriados
Dithmenos
Fedhas
Gozag
Hepliaklqana
Makhleb
Qazlal
Ru
Uskayaw

Shops:
D:8 [   D:9 *


Innate Abilities, Weirdness & Mutations

You are too large for most types of armour.
You have claws for hands.
Your metabolism is lightning-fast.
You like to eat raw meat.
Your natural rate of healing is unusually fast.
You are covered in fur. (AC +1)
You have very tough skin. (AC +2)
You are clumsy. (Dex -2)
Your flesh is cold resistant. (rC+)


Message History

The orc knight no longer looks unusually strong.
The orc knight roars a battlecry!
The orc knight goes into a battle-frenzy!
The orc warrior shouts! x2
The orc warrior no longer looks unusually strong.
There is an open door here.
The orc knight shouts!
The orc no longer looks unusually strong.
The orc warrior no longer looks unusually strong.
The orc knight hits you from afar with a trident. x2
The orc knight roars a battlecry!
The orcs go into a battle-frenzy!
The orc warrior hits you from afar with a halberd!
The orc knight hits you from afar with a trident!!
The orc knight hits you from afar with a halberd!!!
* * * LOW HITPOINT WARNING * * *
The orc warrior hits you from afar with a halberd!
* * * LOW HITPOINT WARNING * * *
The orc knight hits you from afar with a trident!!
You die...

### ### #####
##∩###########.##
.....##.∩(##.....##...#
.≈≈≈..#..(#..≈≈≈..#...#
≈≈o≈≈.(.....≈≈o≈≈.#...#
≈ooo≈.......≈ooo≈.'.).#
≈≈o≈≈.......≈≈o≈≈.#.))#
.≈≈≈..#...#..≈≈≈@.#...#
.....##...##.....##..)#
##### ##∩###########)##
### ###


You could see 2 orc knights, 2 orc warriors and an orc.

Vanquished Creatures
  2 two-headed ogres
  Nergalle (D:11)
  A manticore (D:11)
  2 trolls
  A hornet (D:9)
  Prince Ribbit (D:9)
  A hippogriff (D:8)
  A meliai zombie (D:11)
  2 wyverns
  The ghost of feelmyfire the Sneak, an amateur VSEn (D:4)
  14 yaks
  2 hungry ghosts
  Menkaure (D:6)
  Edmund (D:6)
  2 hell hounds (D:8)
  3 ice beasts
  5 orc warriors
  9 sky beasts
  A necrophage (D:9)
  6 ogres
  A phantom (D:8)
  7 centaurs
  A crocodile (D:9)
  A big kobold (D:10)
  4 bullfrogs
  A wyvern skeleton (D:10)
  2 scorpions (D:9)
  4 killer bees (D:9)
  5 wights
  2 crimson imps
  3 hounds
  4 jellies
  3 orc priests
  10 orc wizards
  Natasha (thrice) (D:2)
  3 iguanas
  3 worker ants
  2 hound skeletons (D:9)
  13 adders
  2 gnolls (D:5)
  6 river rats
  2 shadow imps (D:8)
  An ooze (D:1)
  An adder skeleton (D:8)
  A worm (D:2)
  2 dart slugs
  A leopard gecko (D:5)
  40 orcs
  6 giant cockroaches
  7 hobgoblins
  10 jackals
  7 quokkas
  8 bats
  5 frilled lizards
  6 goblins
  13 kobolds
  A leopard gecko zombie (D:7)
  A quokka skeleton (D:5)
  6 rats
  A plant (D:5)
256 creatures vanquished.

Notes
Turn   | Place    | Note
-------+----------+-------------------------------------------
     0 | D:1      | galech the Troll Monk began the quest for the Orb.
     0 | D:1      | Reached XP level 1. HP: 23/23 MP: 0/0
   115 | D:1      | Reached XP level 2. HP: 31/31 MP: 1/1
   797 | D:2      | Reached XP level 3. HP: 33/37 MP: 2/2
   842 | D:2      | Noticed Natasha
   854 | D:2      | Killed Natasha
   854 | D:2      | Reached skill level 1 in Unarmed Combat
   992 | D:2      | Reached XP level 4. HP: 43/48 MP: 3/3
  1144 | D:2      | Found an opulent altar of Gozag.
  1144 | D:2      | Found a burning altar of Makhleb.
  1188 | D:2      | Noticed Natasha
  1199 | D:2      | Killed Natasha
  1206 | D:2      | Noticed Natasha
  1220 | D:2      | Killed Natasha
  1220 | D:2      | Reached skill level 2 in Unarmed Combat
  1330 | D:2      | Reached XP level 5. HP: 29/54 MP: 4/4
  1447 | D:3      | Found a hazy altar of Hepliaklqana.
  1457 | D:3      | Reached skill level 3 in Unarmed Combat
  1722 | D:3      | Found a hide-covered altar of Uskayaw.
  1941 | D:4      | Reached XP level 6. HP: 52/62 MP: 5/5
  2020 | D:4      | Noticed feelmyfire's ghost (amateur VSEn)
  2035 | D:5      | Entered Level 5 of the Dungeon
  2039 | D:5      | Reached skill level 4 in Unarmed Combat
  2122 | D:4      | Killed feelmyfire's ghost
  2180 | D:4      | Reached XP level 7. HP: 70/70 MP: 6/6
  2238 | D:4      | Found a shadowy altar of Dithmenos.
  2239 | D:4      | Found a snail-covered altar of Cheibriados.
  2243 | D:4      | Became a worshipper of Cheibriados the Contemplative
  2243 | D:4      | Reached * piety under Cheibriados
  2243 | D:4      | Reached ** piety under Cheibriados
  2278 | D:5      | Found a snail-covered altar of Cheibriados.
  2412 | D:5      | Reached skill level 5 in Unarmed Combat
  2548 | D:5      | Gained mutation: Your flesh is cold resistant. (rC+) [mutagenic meat]
  2549 | D:5      | Gained mutation: You are clumsy. (Dex -2) [mutagenic meat]
  2862 | D:5      | Reached skill level 6 in Unarmed Combat
  2963 | D:5      | Reached XP level 8. HP: 72/78 MP: 7/7
  3218 | D:5      | Reached *** piety under Cheibriados
  3446 | D:6      | Found a sacrificial altar of Ru.
  3515 | D:6      | Reached skill level 5 in Dodging
  3515 | D:6      | Reached skill level 7 in Unarmed Combat
  3602 | D:6      | Noticed Menkaure
  3610 | D:6      | Killed Menkaure
  3669 | D:6      | Noticed Edmund
  3678 | D:6      | Killed Edmund
  4167 | D:7      | Reached skill level 8 in Unarmed Combat
  4317 | D:7      | Noticed a troll
  4329 | D:7      | Killed a troll
  4329 | D:7      | Reached XP level 9. HP: 31/85 MP: 8/8
  4533 | D:7      | Found a staircase to the Ecumenical Temple.
  4606 | D:7      | Reached **** piety under Cheibriados
  4835 | D:7      | Reached skill level 9 in Unarmed Combat
  4883 | D:8      | Reached skill level 1 in Armour
  4890 | D:8      | Noticed a two-headed ogre
  4947 | D:7      | Killed a two-headed ogre
  5034 | D:8      | Reached ***** piety under Cheibriados
  5090 | D:8      | Reached skill level 10 in Unarmed Combat
  5176 | D:8      | Reached XP level 10. HP: 90/94 MP: 9/9
  5180 | D:8      | Found a staircase to the Lair.
  5230 | D:8      | Found Collep's Antique Armour Boutique.
  5300 | D:8      | Noticed Prince Ribbit
  5312 | D:8      | HP: 3/94 [orc/wand of flame (?/48) (6)]
  5441 | D:9      | Killed Prince Ribbit
  5499 | D:8      | Found a stormy altar of Qazlal.
  5526 | D:8      | Reached skill level 11 in Unarmed Combat
  5761 | D:9      | Reached skill level 5 in Fighting
  5998 | D:9      | Got an uncursed crude quarterstaff {drain}
  6001 | D:9      | Identified the +8 quarterstaff of Rotation {drain, Str+3} (You took it off a centaur on level 9 of the Dungeon)
  6253 | D:9      | Found a staircase to the Orcish Mines.
  6314 | D:9      | Found Ziokhloips's General Store.
  6322 | D:9      | Bought a scroll of teleportation for 45 gold pieces
  6500 | D:10     | Entered Level 10 of the Dungeon
  6584 | D:10     | Reached XP level 11. HP: 102/102 MP: 10/10
  6597 | D:10     | Reached ****** piety under Cheibriados
  6605 | D:10     | Reached skill level 12 in Unarmed Combat
  6789 | D:10     | Noticed a two-headed ogre
  6818 | D:10     | Killed a two-headed ogre
  7016 | D:11     | Found a blossoming altar of Fedhas.
  7162 | D:11     | Noticed Nergalle
  7166 | D:11     | Killed Nergalle
  7349 | D:11     | Found a flagged portal.
  7357 | D:11     | Got a crystal spear
  7360 | Bailey   | Entered a bailey
  7362 | Bailey   | Noticed an orc knight
  7362 | Bailey   | Noticed an orc knight
  7363 | Bailey   | Noticed an orc knight
  7464 | Bailey   | Annihilated by an orc knight

Vault maps used:
D:1:      minmay_arrival_wavy_path
D:2:      gammafunk_temple_overflow_elements, uniq_natasha
D:3:      eat_drink_and_be_merry_uskayaw, nicolae_overflow_crystal_walls,
          nicolae_underground_beach
D:4:      gammafunk_temple_overflow_statue
D:5:      wad_woods_tower, first_bread, kennysheep_cross_room,
          kennysheep_slug_shrine
D:6:      lemuel_round_altar, gup_sewer_entry_bubbles, minmay_misc_feat_rows,
          uniq_edmund, uniq_menkaure
D:7:      temple_doors_cd, grunt_ogre_cave
D:8:      minmay_lair_entry_lava, serial_shops, nicolae_shop_overgrown_old_shop,
          grunt_qazlal_clouds, uniq_prince_ribbit1
D:9:      orc_0_dummy, serial_shops, kennysheep_little_box
D:11:     basic_altar, enter_bailey_2, grunt_ministairs_2, minivault_23,
          uniq_nergalle
Bailey:   bailey_polearm_4, bailey

Skill      XL: |  1  2  3  4  5  6  7  8  9 10 11 |
---------------+----------------------------------+-----
Unarmed Combat | 1 2 3 4 6 8 10 11 12 | 12.9
Fighting       | 4 5 |  5.4
Dodging        | 4 5 6 7 |  7.5
Stealth        | 3 4 |  4.8
Armour         | 2 3 4 |  4.0

Action                   |  1- 3 |  4- 6 |  7- 9 | 10-12 || total
-------------------------+-------+-------+-------+-------++-------
Melee: Unarmed           |    75 |   152 |   302 |   237 ||   766
       Punch             |     1 |     2 |    22 |    21 ||    46
  Use: Scroll            |       |       |     5 |     7 ||    12
 Stab: Sleeping          |     4 |     6 |    12 |     5 ||    27
       Distracted        |       |       |       |     1 ||     1
  Eat: Chunk             |    15 |    11 |    20 |    17 ||    63
Armor: Robe              |    15 |    56 |    67 |       ||   138
       Troll leather arm |       |       |    37 |    57 ||    94
Dodge: Dodged            |    32 |    95 |   207 |   238 ||   572
